 Dungeon Crawl Stone Soup version 0.22.1-2-g9c5b331383 (webtiles) character file.

103 Knicklaso the Magician (level 4, -4/36 HPs)
             Began as a Demonspawn Wizard on Nov 25, 2018.
             Killed from afar by an orc wizard (6 damage)
             ... with a magic dart
             ... on level 3 of the Dungeon.
             The game lasted 00:07:41 (3358 turns).

Knicklaso the Magician (Demonspawn Wizard)          Turns: 3358, Time: 00:07:41

Health: -4/36      AC:  3    Str:  8    XL:     4   Next: 51%
Magic:  0/9        EV: 12    Int: 20    God:
Gold:   89         SH:  0    Dex: 11    Spells: 3/9 levels left

rFire    . . .     SeeInvis .   a - +0 dagger
rCold    . . .     Gourm    .   (no shield)
rNeg     . . .     Faith    .   c - +0 robe
rPois    .         Spirit   .   b - +0 hat
rElec    .         Reflect  .   (no cloak)
rCorr    .         Harm     .   (no gloves)
MR       +....                  (no boots)
Stlth    ++........             (no amulet)
HPRegen  0.12/turn              (no ring)
MPRegen  0.11/turn              (no ring)

@: flying, very slightly contaminated
A: hooves 1, horns 1, rugged brown scales 1, magic resistance 1, robust 1
a: no special abilities


You were on level 3 of the Dungeon.
You were very hungry.

You visited 1 branch of the dungeon, and saw 3 of its levels.

You collected 89 gold pieces.

Inventory:

Hand Weapons
 a - a +0 dagger (weapon)
Armour
 b - a +0 hat (worn)
 c - a +0 robe (worn)
Wands
 j - a wand of acid (9)
Scrolls
 g - a scroll of remove curse {unknown}
 h - 2 scrolls of amnesia {unknown}
 i - a scroll of fear {unknown}
 k - 2 scrolls of identify {unknown}
 m - a scroll of noise {unknown}
Potions
 l - a potion of curing {unknown}
Comestibles
 d - 7 rations


   Skills:
 + Level 1.6 Fighting
 - Level 1.7 Dodging
 - Level 1.7 Stealth
 + Level 3.4 Spellcasting
 * Level 2.8 Conjurations
 + Level 1.4 Summonings
   Level 0.8 Translocations
 + Level 0.6 Air Magic
 + Level 0.8 Poison Magic
 + Level 0.1 Evocations


You had 3 spell levels left.
You knew the following spells:

 Your Spells              Type           Power        Failure   Level  Hunger
a - Magic Dart            Conj           ##..         4%          1    None
b - Mephitic Cloud        Conj/Pois/Air  #.......     22%         3    ###....
d - Call Imp              Summ           #.......     12%         2    ##.....

Your spell library contained the following spells:

 Spells                   Type           Power        Failure   Level  Hunger
 Blink                    Tloc           N/A          14%         2    ##.....
 Slow                     Hex            #.......     21%         2    ##.....
 Conjure Flame            Conj/Fire      #.......     22%         3    ###....


Dungeon Overview and Level Annotations

Branches:
Dungeon (3/15)

Altars:
Makhleb
Trog
Xom

Annotations:
D:3 2 runed doors, Descartes's ghost, amateur NaWr


Innate Abilities, Weirdness & Mutations

You have a pair of small horns on your head.
You are partially covered in rugged brown scales. (AC +1, +3% HP)
You have large cloven feet.
You are resistant to hostile enchantments. (MR+)
You are robust. (+10% HP)


Message History

The magic dart hits you!
* * * LOW HITPOINT WARNING * * *
Casting: Magic Dart (safe; 4% risk of failure)
Confirm with . or Enter, or press ? or * to list all spells.
Aiming: Magic Dart (safe; 4% risk of failure)
Press: ? - help, Shift-Dir - straight line, f/p - orc wizard
Aim: an orc wizard, wielding a dagger and wearing a robe (almost dead)
The magic dart hits the orc wizard.
The orc wizard is almost dead.
The orc wizard hits you but does no damage.
It was a potion of mutation.
You feel extremely strange.
Your feet thicken and deform.
You feel robust.
You feel resistant to hostile enchantments.
The orc wizard closely misses you.
It was a potion of flight.
You feel very buoyant.
You fly up into the air.
The orc wizard points at you and mumbles some strange words.
The magic dart hits you!
You die...

#.# ###. ####.###...
##.....#....
#.........#.
##.....##.#. ####...[†#.
#.# #####.......
#....########...........
.....oo@......#...)##.##
.....####.###.+.........
.## ....##.#...###(##
......##.#...# #.#
....[...##.....######
........##...........
...#######.###.##....
... #...#)#..... ..
#.........##


You could see an orc wizard and an orc.

Vanquished Creatures
  A hound (D:2)
  An adder (D:2)
  A worm (D:2)
  A dart slug (D:1)
  3 orcs (D:3)
  A ball python (D:2)
  9 bats
  A giant cockroach (D:1)
  6 goblins
  10 hobgoblins
  A quokka (D:2)
  A frilled lizard (D:1)
  10 kobolds
  8 rats
54 creatures vanquished.

Notes
Turn   | Place    | Note
-------+----------+-------------------------------------------
     0 | D:1      | Knicklaso the Demonspawn Wizard began the quest for the
                  | Orb.
     0 | D:1      | Reached XP level 1. HP: 13/13 MP: 4/4
   448 | D:1      | Gained mutation: You are partially covered in rugged brown
                  | scales. (AC +1, +3% HP) [demonic ancestry]
   448 | D:1      | Reached XP level 2. HP: 10/20 MP: 1/6
   776 | D:1      | Learned a level 2 spell: Call Imp
   844 | D:1      | Reached skill level 1 in Fighting
  1698 | D:2      | Reached XP level 3. HP: 26/26 MP: 3/7
  1706 | D:2      | Learned a level 3 spell: Mephitic Cloud
  2154 | D:2      | Found a burning altar of Makhleb.
  2294 | D:2      | Gained mutation: You have a pair of small horns on your
                  | head. [demonic ancestry]
  2294 | D:2      | Reached XP level 4. HP: 30/32 MP: 9/9
  2740 | D:2      | Found a shimmering altar of Xom.
  2875 | D:2      | Found a bloodstained altar of Trog.
  3013 | D:3      | Found a runed door.
  3017 | D:3      | Noticed Descartes's ghost (amateur NaWr)
  3058 | D:3      | Found a runed door.
  3355 | D:3      | HP: 1/32 [orc wizard/magic dart (6)]
  3357 | D:3      | Gained mutation: You have large cloven feet. [potion of
                  | mutation]
  3357 | D:3      | Gained mutation: You are robust. (+10% HP) [potion of
                  | mutation]
  3357 | D:3      | Gained mutation: You are resistant to hostile enchantments.
                  | (MR+) [potion of mutation]
  3358 | D:3      | Killed from afar by an orc wizard

Skill      XL: |  1  2 |
---------------+-------+-----
Fighting       | 1 |  1.6
Conjurations   | 2 |  2.8
Dodging        | |  1.7
Stealth        | |  1.7
Spellcasting   | |  3.4
Summonings     | |  1.4
Translocations | |  0.8
Air Magic      | |  0.6
Poison Magic   | |  0.8
Evocations     | |  0.1

Action                   |  1- 3 |  4- 6 || total
-------------------------+-------+-------++-------
Melee: Dagger            |    65 |    43 ||   108
       Headbutt          |       |     6 ||     6
 Cast: Magic Dart        |    83 |    36 ||   119
       Mephitic Cloud    |     2 |     3 ||     5
  Use: Potion            |       |     2 ||     2
 Stab: Confused          |     3 |     3 ||     6
  Eat: Chunk             |     4 |     3 ||     7
Armor: Robe              |    15 |     9 ||    24
Dodge: Dodged            |    45 |    23 ||    68
